 Dungeon Crawl Stone Soup version 0.30.1-9-gdf580d7c3d (webtiles) character file.

Game seed: 17411315979139818847

259 MustachioToaster the Conjurer (level 6, 0/41 HPs)
             Began as a Human Conjurer on Oct 15, 2023.
             Slain by Blork the orc
             ... wielding a +0 glaive
              (5 damage)
             ... on level 4 of the Dungeon.
             The game lasted 00:22:32 (4717 turns).

MustachioToaster the Conjurer (Human Conjurer)      Turns: 4717, Time: 00:22:33

Health: 0/41       AC:  2    Str:  7    XL:     6   Next: 40%
Magic:  6/11       EV: 18    Int: 21    God:
Gold:   180        SH:  0    Dex: 11    Spells: 9/12 levels left

rFire   + . .        (no weapon)
rCold   + . .        (no shield)
rNeg    . . .        a - +0 robe
rPois   +            (no helmet)
rElec   +            f - scarf {repulsion}
rCorr   +            (no gloves)
SInv    .            (no boots)
Will    .....        (no amulet)
Stlth   ++           r - +5 ring of evasion
HPRegen 0.26/turn    (no ring)
MPRegen 0.12/turn

%: repel missiles
@: resistant (expiring)
A: no striking features
a: no special abilities


You were on level 4 of the Dungeon.
You visited 1 branch of the dungeon, and saw 4 of its levels.

You collected 180 gold pieces.

Inventory:

Hand Weapons
 v - a +3 dagger
Missiles
 k - 5 poisoned darts
Armour
 a - a +0 robe (worn)
 f - a scarf of repulsion (worn)
Jewellery
 r - a +5 ring of evasion (left hand)
Scrolls
 d - 8 scrolls of identify {unknown}
 j - a scroll of enchant armour {unknown}
 l - a scroll of amnesia {unknown}
 m - a scroll of brand weapon {unknown}
 p - 2 scrolls of fog {unknown}
 q - a scroll of noise {unknown}
 s - a scroll of magic mapping {unknown}
 t - a scroll of poison {unknown}
Potions
 b - 2 potions of attraction {unknown}
 c - 4 potions of curing {unknown}
 e - 2 potions of ambrosia {unknown}
 g - a potion of berserk rage {unknown}
 h - a potion of brilliance {unknown}
 i - 5 potions of heal wounds {unknown}
 o - 2 potions of might {unknown}
 u - 2 potions of invisibility {unknown}


   Skills:
 + Level 4.0 Dodging
 - Level 2.0 Stealth
 + Level 3.6 Spellcasting
 + Level 5.2 Conjurations


You had 9 spell levels left.
You knew the following spells:

 Your Spells              Type           Power      Damage    Failure   Level
a - Magic Dart            Conj           100%       1d8       1%          1
b - Searing Ray           Conj           50%        2d6       2%          2

Your spell library contained the following spells:

 Spells                   Type           Power      Damage    Failure   Level
 Dazzling Flash           Conj/Hex       28%        N/A       13%         3
 Lesser Beckoning         Tloc           6%         N/A       19%         2
 Gell's Gravitas          Tloc           3%         N/A       36%         3
 Summon Guardian Golem    Hex/Summ       3%         N/A       36%         3
 Teleport Other           Tloc           3%         N/A       36%         3
 Fulminant Prism          Conj/Hex       7%         3d6       38%         4
 Iskenderun's Mystic Bla  Conj/Tloc      14%        2d5       38%         4
 Orb of Destruction       Conj           12%        9d7       100%        7
 Spellforged Servitor     Conj/Summ      7%         N/A       100%        7


Dungeon Overview and Level Annotations

Branches:
Dungeon (4/15)
 Temple: D:4-7

Altars:
Okawaru
Qazlal

Shops:
D:1 (

Annotations:
D:4 Blork the orc


Message History

Found a stone staircase leading up.
Found a stone staircase leading up.
Found 10 gold pieces.
You now have 165 gold pieces (gained 10).
Found 15 gold pieces.
You now have 180 gold pieces (gained 15).
You see here a +0 robe.
Found a +0 robe.
u - 2 fizzy inky potions (gained 1)
You see here a +0 robe.
You feel protected.
You see here a +0 quarterstaff.
You see here a +0 quarterstaff.
You see here a +0 robe.
Blork the orc points at you and mumbles some strange words.
The magic dart hits you!
Casting: Magic Dart (safe; 1% risk of failure)
Confirm with . or Enter, or press ? or * to list all spells.
Aiming: Searing Ray (safe; 2% risk of failure)
Press: ? - help, Shift-Dir - straight line, f - Blork the orc
Aim: Blork the orc, wielding a +0 glaive and wearing a +0 leather armour (82% to hit)
The searing ray hits Blork the orc.
Blork the orc is lightly wounded. (Press . to maintain the ray.)
The searing ray hits Blork the orc.
Blork the orc is moderately wounded.
Blork the orc casts a spell at you. The magic dart hits you.
The searing ray hits Blork the orc.
Blork the orc is heavily wounded.
You start to feel less resistant.
Blork the orc casts a spell at you. The magic dart hits you!
The searing ray hits Blork the orc.
Blork the orc is heavily wounded.
You finish channelling your searing ray.
Blork the orc hits you from afar with a +0 glaive!
* * * LOW HITPOINT WARNING * * *
Blork the orc hits you from afar with a +0 glaive.
You die...

#####################
##..............[....#
#####..#######...#######.#
###......# #@..# #.#
##.....<.# #...# #.#
.........# #.o.# #.#
#........# #...# #.#
#........#######...#######.#
#..............#...#.......#
...............#...#.).....#
.#.#.#.<.......#...#.......#
.........#######...#########


You could see Blork the orc.

Vanquished Creatures
  A hound (D:4)
  An orc wizard (D:3)
  Natasha (thrice) (D:2)
  4 adders (D:2)
  2 worms (D:2)
  7 orcs
  5 ball pythons
  4 bats
  6 endoplasms
  20 giant cockroaches
  5 goblins
  3 hobgoblins
  3 jackals (D:4)
  4 frilled lizards
  4 kobolds
  6 rats
78 creatures vanquished.

Notes
Turn   | Place    | Note
-------+----------+-------------------------------------------
     0 | D:1      | MustachioToaster the Human Conjurer began the quest for the
                  | Orb.
     0 | D:1      | Reached XP level 1. HP: 13/13 MP: 3/3
   183 | D:1      | Found Kakis's Antique Weapon Emporium.
   430 | D:1      | Reached XP level 2. HP: 19/19 MP: 1/5
   875 | D:2      | Reached XP level 3. HP: 24/24 MP: 2/6
   878 | D:2      | Learned a level 2 spell: Searing Ray
   948 | D:2      | Noticed Natasha
   951 | D:2      | Killed Natasha
  1011 | D:2      | Reached XP level 4. HP: 30/30 MP: 2/8
  1434 | D:2      | Found an iron altar of Okawaru.
  1822 | D:2      | Reached XP level 5. HP: 31/35 MP: 6/9
  2252 | D:2      | Noticed Natasha
  2266 | D:2      | Killed Natasha
  2683 | D:2      | Noticed Natasha
  2688 | D:2      | Killed Natasha
  2689 | D:2      | Reached skill level 5 in Conjurations
  3266 | D:3      | Reached XP level 6. HP: 41/41 MP: 7/11
  3789 | D:4      | Noticed Blork the orc
  3970 | D:4      | Found a stormy altar of Qazlal.
  4717 | D:4      | Slain by Blork the orc

Illustrated notes

Levels and vault maps discovered:
D:1:      dpeg_arrival_circle_labyrinth_a, layout_loops_corners, serial_shops,
          shop
D:2:      minmay_roachtagon, layout_basic, basic_altar, uniq_natasha
D:3:      layout_loops_corners, corexii_leaking_fountain
D:4:      layout_rooms, grunt_qazlal_clouds, serial_co_window_serial,
          co_window_corner_a, co_window_paths_b, co_window_corner_a,
          co_window_of_opportunity_a, co_window_of_opportunity_a,
          co_window_paths_a, co_window_paths_c, co_window_2corner,
          co_window_cross_3, co_window_corner_ca, co_window_of_opportunity_c,
          co_window_corner_b, co_window_4corner_b, glass_columns_a,
          glass_columns_b, glass_columns_b, glass_columns_b, glass_columns_b,
          kennysheep_generic_room_4, uniq_blork_the_orc

Skill      XL: |  1  2  3  4  5  6 |
---------------+-------------------+-----
Dodging        | 3 4 |  4.0
Spellcasting   | 3 |  3.6
Conjurations   | 5 |  5.2
Stealth        | |  2.0

Action                     |  1- 3 |  4- 6 || total
---------------------------+-------+-------++-------
  Melee: Unarmed           |     4 |    38 ||    42
   Cast: Magic Dart        |    38 |    90 ||   128
         Searing Ray       |     1 |    12 ||    13
    Use: Potion            |       |     2 ||     2
 Armour: Robe              |     1 |    13 ||    14
  Dodge: Dodged            |    19 |    58 ||    77
